 Dungeon Crawl Stone Soup version 0.22-a0-776-ge6d7efa (webtiles) character file.

102 Hebeh the Magician (level 4, -1/24 HPs)
             Began as a Deep Elf Fire Elementalist on July 18, 2018.
             Slain by a worker ant (2 damage)
             ... on level 4 of the Dungeon.
             The game lasted 00:06:11 (1408 turns).

Hebeh the Magician (Deep Elf Fire Elementalist)     Turns: 1408, Time: 00:06:13

Health: -1/24      AC:  2    Str:  5    XL:     4   Next: 50%
Magic:  1/12       EV: 13    Int: 21    God:
Gold:   56         SH:  0    Dex: 15    Spells: 5/11 levels left

rFire    . . .     SeeInvis .   a - +1 dagger (flame)
rCold    . . .     Gourm    .   (no shield)
rNeg     . . .     Faith    .   m - +0 robe
rPois    .         Spirit   .   (no helmet)
rElec    .         Reflect  .   (no cloak)
rCorr    .         Harm     .   (no gloves)
MR       +....                  (no boots)
Stlth    ++........             (no amulet)
HPRegen  0.08/turn              e - ring of protection from magic
MPRegen  0.13/turn              (no ring)

@: lethally poisoned (-1 -> -8)
A: no striking features
a: no special abilities


You were on level 4 of the Dungeon.
You were not hungry.

You visited 1 branch of the dungeon, and saw 3 of its levels.

You collected 56 gold pieces.

Inventory:

Hand Weapons
 a - a +1 dagger of flaming (weapon)
Missiles
 b - 25 bolts
 d - a throwing net (quivered)
 j - 59 stones
 n - 18 sling bullets
Armour
 m - a +0 robe (worn)
Jewellery
 e - a ring of protection from magic (left hand)
Scrolls
 g - 4 scrolls of enchant weapon {unknown}
 h - a scroll of identify {unknown}
 k - 4 scrolls of amnesia {unknown}
 o - a scroll of remove curse {unknown}
 p - a scroll of teleportation {unknown}
Potions
 i - 2 potions of curing {unknown}
 l - a potion of heal wounds {unknown}
 q - a potion of lignification {unknown}
Comestibles
 c - 4 rations
 f - 9 chunks of flesh


   Skills:
 - Level 2.4 Dodging
 - Level 2.4 Stealth
 + Level 4.1 Spellcasting
 * Level 3.5 Conjurations
 + Level 4.0 Fire Magic


You had 5 spell levels left.
You knew the following spells:

 Your Spells              Type           Power        Failure   Level  Hunger
a - Flame Tongue          Conj/Fire      ###..        2%          1    None
b - Throw Flame           Conj/Fire      ###...       3%          2    #......
c - Conjure Flame         Conj/Fire      ###.....     8%          3    ###....

Your spell library contained the following spells:

 Spells                   Type           Power        Failure   Level  Hunger
 Fireball                 Conj/Fire      ###.......   56%         5    ######.
 Sticky Flame             Conj/Fire      ###.....     26%         4    ####...
 Inner Flame              Hex/Fire       ##......     16%         3    ###....


Dungeon Overview and Level Annotations

Branches:
Dungeon (2/15)

Altars:


Message History

Your Spellcasting skill increases to level 4!
Your Fire Magic skill increases to level 4!
Casting: Flame Tongue (safe; 2% risk of failure)
Confirm with . or Enter, or press ? or * to list all spells.
You don't have enough magic to cast that spell.
The worker ant bites you!
* * * LOW HITPOINT WARNING * * *
You are lethally poisoned!
The worker ant poisons you!
* * * LOW HITPOINT WARNING * * *
You feel sick. The worker ant barely misses you.
A hound comes into view.
* * * LOW HITPOINT WARNING * * *
You feel sick.
Found 9 gold pieces.
* * * LOW HITPOINT WARNING * * *
You feel sick. The worker ant barely misses you.
* * * LOW HITPOINT WARNING * * *
You feel sick. The worker ant bites you.
You die...

#...####..........#
#.................# .
###.##..............#
..###...................#
..........###............
..........##......†.....#
.......÷..##.#.....%....#
...##.....##.#.....).....
#....@a.......###....
.....###...#.##### #..
#.##. #....... . #. #.
#.##..### . . h..<..## .
$..## ## ...# ..#


You could see a worker ant.

Vanquished Creatures
  2 orc priests (D:4)
  An adder (D:4)
  A worm (D:2)
  3 dart slugs
  A goblin (D:1)
  3 hobgoblins (D:1)
  6 jackals
  A bat (D:1)
  4 frilled lizards (D:1)
  3 kobolds (D:1)
  6 rats
31 creatures vanquished.

Notes
Turn   | Place    | Note
-------+----------+-------------------------------------------
     0 | D:1      | Hebeh the Deep Elf Fire Elementalist began the quest for the Orb.
     0 | D:1      | Reached XP level 1. HP: 10/10 MP: 6/6
   226 | D:1      | Reached XP level 2. HP: 15/15 MP: 4/8
  1094 | D:2      | Reached XP level 3. HP: 19/19 MP: 8/10
  1098 | D:2      | Learned a level 2 spell: Throw Flame
  1102 | D:2      | Learned a level 3 spell: Conjure Flame
  1355 | D:2      | You fall through a shaft for 2 floors!
  1389 | D:4      | Reached XP level 4. HP: 10/24 MP: 4/11
  1406 | D:4      | HP: 1/24 [poisoned by a worker ant]
  1408 | D:4      | Slain by a worker ant

Vault maps used:
D:1:      dpeg_arrival_pits
D:2:      nicolae_overflow_hidden_temple, first_ration
D:4:      lemuel_crystal_altar, hangedman_abyss_or_decor_lesser_grid, uniq_ijyb

Skill      XL: |  1  2  3  4 |
---------------+-------------+-----
Conjurations   | 2 3 |  3.5
Spellcasting   | 4 |  4.1
Fire Magic     | 4 |  4.0
Dodging        | |  2.4
Stealth        | |  2.4

Action                   |  1- 3 |  4- 6 || total
-------------------------+-------+-------++-------
Melee: Dagger            |     1 |       ||     1
 Cast: Flame Tongue      |    43 |     1 ||    44
       Throw Flame       |     3 |     3 ||     6
  Eat: Chunk             |     1 |       ||     1
Armor: Robe              |     1 |       ||     1
Dodge: Dodged            |     7 |     3 ||    10

Table legend:
 A = Spawn XP
 B = Non-spawn XP
 C = Spawn XP percentage of total XP
 D = Spawn monster count
 E = Non-spawn monster count
 F = Spawn count percentage of total count
 G = Total turns spent on level
                    A         B        C        D         E        F      G
               +---------+---------+-------+---------+---------+-------+---------
         Total |       0 |     147 |   0.0 |       0 |      31 |   0.0 |  1408
               +---------+---------+-------+---------+---------+-------+---------
           D:1 |       0 |      35 |   0.0 |       0 |      22 |   0.0 |   958
           D:2 |       0 |      16 |   0.0 |       0 |       6 |   0.0 |   397
           D:4 |       0 |      96 |   0.0 |       0 |       3 |   0.0 |    53
               +---------+---------+-------+---------+---------+-------+---------
